 Dungeon Crawl Stone Soup version 0.31-a0-1068-g5939ac1fb6 (webtiles) character file.

Game seed: 532318547739705741

267 Azuregosa the Trooper (level 6, 0/57 HPs)
             Began as a Draconian Artificer on Nov 25, 2023.
             Was an Elder of Jiyva.
             Slain by an ogre
             ... wielding a +0 giant spiked club
              (34 damage)
             ... on level 5 of the Dungeon.
             The game lasted 00:07:04 (2347 turns).

Azuregosa the Trooper (Draconian Artificer)         Turns: 2347, Time: 00:07:05

Health: 0/57       AC:  6    Str: 20    XL:     6   Next: 0%
Magic:  6/6        EV: 12    Int: 13    God:    Jiyva [****..]
Gold:   139        SH:  0    Dex: 12    Spells: 5/5 levels left

rFire   . . .        g - +2 short sword (venom)
rCold   . . .        (no shield)
rNeg    . . .        (body armour unavailable)
rPois   .            (helmet restricted)
rElec   .            (no cloak)
rCorr   +            (no gloves)
SInv    +            (no boots)
Will    .....        (no amulet)
Stlth   +            e - +6 ring of strength
HPRegen 2.37/turn    (no ring)
MPRegen 0.50/turn

%: no passive effects
@: no status effects
A: AC +6, unfitting armour, cold-blooded, regeneration 1, eyeballs 3
a: Renounce Religion, Oozemancy, Slimify


You were on level 5 of the Dungeon.
You worshipped Jiyva.
Jiyva was greatly pleased with you.
You visited 1 branch of the dungeon, and saw 5 of its levels.

You collected 139 gold pieces.

Inventory:

Hand Weapons
 g - a +2 short sword of venom (weapon)
 t - a +0 heavy spear
Missiles
 f - 7 poisoned darts
Jewellery
 e - a +6 ring of strength (left hand)
 m - a ring of fire
Talismans
 p - a serpent talisman
Wands
 b - a wand of flame (15) (quivered)
 c - a wand of charming (15)
 d - a wand of iceblast (5)
 l - a wand of paralysis (10)
Scrolls
 a - 3 scrolls of enchant weapon {unknown}
 h - 3 scrolls of identify {unknown}
 j - a scroll of revelation {unknown}
 k - a scroll of teleportation {unknown}
 n - a scroll of enchant armour {unknown}
 q - a scroll of butterflies {unknown}
Potions
 i - a potion of brilliance {unknown}
 o - a potion of might {unknown}
 r - a potion of lignification {unknown}
 s - a potion of mutation {unknown}


   Skills:
 + Level 5.7 Fighting
 - Level 2.1 Dodging
 - Level 0.8 Stealth
 - Level 4.2 Evocations


You had 5 spell levels left.
You didn't know any spells.
Your spell library contained the following spells:

 Spells                   Type           Power      Damage    Failure   Level
 Static Discharge         Conj/Air       0%         3-3/arc   43%         2
 Airstrike                Air            0%         2d(0-16)  97%         4
 Summon Lightning Spire   Summ/Air       0%         N/A       97%         4


Dungeon Overview and Level Annotations

Branches:
Dungeon (5/15)
 Temple: D:4-7

Altars:
Wu Jian
Xom
Jiyva

Shops:
D:4 (


Innate Abilities, Weirdness & Mutations

Your plain brown scales are hard. (AC +6)
You cannot fit into any form of body armour.
You are cold-blooded and may be slowed by cold attacks.
Your natural rate of healing is unusually fast.
Your body is covered in eyes which may confuse attackers. (Acc +7, SInv)


Message History

A gnoll comes into view. It is wielding a +0 spear.
The gnoll shouts!
You hit the ogre.
The ogre is lightly wounded.
You hear a shout!
An ufetubus comes into view.
A gnoll comes into view. It is wielding a +0 whip.
The ogre hits you with a +0 giant spiked club.
The ufetubus moves out of view.
The gnoll shouts!
You hit the ogre but do no damage.
The ogre is poisoned.
You tail-slap the ogre.
The ogre is moderately wounded.
You hear a shout!
A gnoll bouda comes into view. It is wielding a +0 whip.
The gnoll bouda shouts!
You hit the ogre.
The ogre looks as sick as possible!
The ogre is heavily wounded.
You hear a shout!
A quokka comes into view.
The ogre misses you. The gnoll hits you but does no damage.
You hit the ogre.
The ogre looks as sick as possible!
The ogre is heavily wounded.
The ogre hits you with a +0 giant spiked club!!
The gnoll barely misses you.
A gnoll comes into view. It is wielding a +0 flail.
The gnoll bouda barks out a call to the hunt!
The gnolls pick up the pace!
You hit the ogre.
The ogre looks as sick as possible!
The ogre is almost dead.
An ufetubus comes into view.
The quokka bites you but does no damage.
The gnoll closely misses you.
You completely miss the ogre.
The ogre is almost dead.
The quokka closely misses you.
The eyeballs on your body gaze at the quokka.
The ogre hits you with a +0 giant spiked club!!
Ouch! That really hurt!
You die...

#..# #......( #..
#...... #.. #...... #..
###...... #.. ......!.#
#.. ........# #..
.......O# #..
.......@### ######
........rgg.g.' +.....
##........#.5.# #.....
#........# 5g +.....
#........# #.....
#........# ###.....
#........# #.'.....
#........+ #.#.....
#........#######.#.....


You could see an ogre (extremely poisoned), a gnoll bouda, 3 gnolls, 2 ufetubi
and a quokka (confused).

Vanquished Creatures
  A water moccasin (D:5)
  A phantom (D:5)
  An orc priest (D:4)
  An adder (D:2)
  A gnoll (D:4)
  3 dart slugs
  3 orcs (D:4)
  4 bats
  2 giant cockroaches
  A goblin (D:1)
  6 hobgoblins
  A kobold (D:1)
  5 quokkas
  5 ball pythons
  5 frilled lizards
  5 rats
45 creatures vanquished.

Vanquished Creatures (others)
  2 jellies (D:4)
  3 gnolls (D:4)
  An endoplasm (D:2)
  A goblin (D:1)
  2 hobgoblins
  A bat (D:2)
  2 kobolds (D:2)
12 creatures vanquished.

Grand Total: 57 creatures vanquished

Notes
Turn   | Place    | Note
-------+----------+-------------------------------------------
     0 | D:1      | Azuregosa the Draconian Artificer began the quest for the
                  | Orb.
     0 | D:1      | Reached XP level 1. HP: 16/16 MP: 1/1
    79 | D:1      | Found a faded altar of an unknown god.
   105 | D:1      | Reached XP level 2. HP: 24/24 MP: 2/2
   174 | D:1      | Prayed at the altar of an unknown god.
   174 | D:1      | Became a worshipper of Jiyva Jawne the Shapeless
   174 | D:1      | Reached * piety under Jiyva
   192 | D:1      | Reached skill level 2 in Fighting
   611 | D:2      | Reached ** piety under Jiyva
   634 | D:2      | Reached XP level 3. HP: 30/30 MP: 3/3
  1035 | D:2      | Reached *** piety under Jiyva
  1398 | D:3      | Gained mutation: Your body has grown eyes which may confuse
                  | attackers. (Acc +3) [Jiyva's grace]
  1398 | D:3      | Gained mutation: Your body has grown many eyes which may
                  | confuse attackers. (Acc +5) [Jiyva's grace]
  1398 | D:3      | Gained mutation: Your body is covered in eyes which may
                  | confuse attackers. (Acc +7, SInv) [Jiyva's grace]
  1398 | D:3      | Gained mutation: Your natural rate of healing is unusually
                  | fast. [Jiyva's grace]
  1600 | D:3      | Found a shimmering altar of Xom.
  2038 | D:4      | Reached **** piety under Jiyva
  2046 | D:4      | Reached skill level 3 in Fighting
  2046 | D:4      | Reached XP level 4. HP: 38/38 MP: 4/4
  2191 | D:4      | Found Jerrurr's Weapon Emporium.
  2224 | D:4      | Noticed a gnoll sergeant
  2254 | D:5      | Entered Level 5 of the Dungeon
  2255 | D:5      | Noticed a phantom
  2263 | D:5      | Found an ornate altar of the Wu Jian Council.
  2273 | D:5      | Noticed a water moccasin
  2287 | D:5      | Killed a water moccasin
  2288 | D:5      | Reached skill level 5 in Fighting
  2288 | D:5      | Reached XP level 5. HP: 44/48 MP: 5/5
  2295 | D:5      | Killed a phantom
  2296 | D:5      | Reached XP level 6. HP: 52/57 MP: 6/6
  2347 | D:5      | Slain by an ogre

Illustrated notes

Levels and vault maps discovered:
D:1:      dpeg_arrival_long_road, layout_rooms,
          shapermc_ecumenical_altar_mp_ritualfount, dreamdust_wishing_well
D:2:      layout_basic
D:3:      layout_loops_corners, mainiacjoe_overflow_brackets
D:4:      layout_gridville, mainiacjoe_overflow_alcove_2, serial_glass,
          glass_columns_c, glass_columns_c, glass_columns_a, glass_columns_a,
          glass_columns_b, glass_columns_b, glass_columns_a, glass_columns_a,
          glass_columns_a, glass_columns_a, serial_shops, shop,
          minmay_misc_feat_chi, uniq_duvessa
D:5:      layout_basic, mainiacjoe_overflow_small_starburst,
          minmay_temple_entry_butterflies

Skill      XL: |  1  2  3  4 |
---------------+-------------+-----
Fighting       | 2 3 5 |  5.7
Evocations     | 4 |  4.2
Dodging        | |  2.1
Stealth        | |  0.8

Action                     |  1- 3 |  4- 6 || total
---------------------------+-------+-------++-------
  Melee: Short sword       |   100 |    38 ||   138
         Tailslap          |    10 |     5 ||    15
         Club              |     2 |       ||     2
         Punch             |     1 |     1 ||     2
   Stab: Confused          |     1 |     2 ||     3
 Armour: Skin              |    62 |    26 ||    88
  Dodge: Dodged            |    73 |    20 ||    93

Table legend: (Time is in decaauts)
 A = Elapsed time spent in this place.
 B = Non-inter-level travel time spent in this place.
 C = Inter-level travel time spent in this place.
 D = Time resting spent in this place.
 E = Time spent auto-exploring this place.
 F = Levels seen in this place.
 G = Mean time per level.
                   A        B        C        D        E       F      G
               +--------+--------+--------+--------+--------+-----+--------+
         Total |   2349 |   2308 |     41 |      0 |   1800 |   5 |  469.8 |
       Dungeon |   2349 |   2308 |     41 |      0 |   1800 |   5 |  469.8 |
               +--------+--------+--------+--------+--------+-----+--------+

Top non-repeatable levels by time:
     D:3: 792 daAuts
     D:2: 777 daAuts
     D:1: 470 daAuts
     D:4: 215 daAuts
     D:5: 92 daAuts
